 Dungeon Crawl Stone Soup version 0.19-a0-1922-g1e9a4c1 (webtiles) character file.

38 PurpleRed the Conjurer (level 3, 0/19 HPs)
             Began as a Kobold Conjurer on Oct 24, 2016.
             Killed from afar by an orc wizard (13 damage)
             ... with a puff of frost
             ... on level 4 of the Dungeon.
             The game lasted 00:04:32 (595 turns).

PurpleRed the Conjurer (Kobold Conjurer)             Turns: 595, Time: 00:04:33

Health: 0/19       AC:  2    Str:  2    XL:     3   Next: 65%
Magic:  3/7        EV: 15    Int: 17    God:
Gold:   62         SH:  0    Dex: 15    Spells: 2 memorised, 5 levels left

rFire  . . .     SeeInvis .     u - +2 short sword (venom)
rCold  . . .     Gourm    .     a - +0 robe
rNeg   . . .     Faith    .     (shield restricted)
rPois  .         Spirit   .     (no helmet)
rElec  .         Reflect  .     (no cloak)
rCorr  .         Harm     .     (no gloves)
MR     .....                    (no boots)
Stlth  ++........               (no amulet)
                                (no ring)
                                g - -3 ring of strength (curse)

@: no status effects
A: carnivore 3
a: no special abilities


You were on level 4 of the Dungeon.
You were very full.

You visited 1 branch of the dungeon, and saw 4 of its levels.

You collected 62 gold pieces.

Inventory:

Hand Weapons
 e - a +0 club
 h - a +0 dagger
 l - a +0 blowgun
 s - a +0 dagger of venom
 u - a +2 short sword of venom (weapon)
Missiles
 i - 19 poisoned needles
 n - 3 tomahawks (quivered)
Armour
 a - a +0 robe (worn)
Jewellery
 g - a cursed -3 ring of strength (left hand)
Scrolls
 d - a scroll of amnesia {unknown}
 k - a scroll of identify {unknown}
 o - a scroll of enchant armour {unknown}
 p - a scroll of random uselessness {unknown}
 r - a scroll of magic mapping {unknown}
Potions
 j - a potion of curing {unknown}
 m - 2 potions of lignification {unknown}
 t - a potion of brilliance {unknown}
Books
 b - a book of Conjurations

   Spells                             Type                      Level
   a - Magic Dart                     Conjuration                  1
   b - Searing Ray                    Conjuration                  2
   c - Dazzling Spray                 Conjuration/Hexes            3
   d - Fulminant Prism                Conjuration/Hexes            4
   e - Iskenderun's Mystic Blast      Conjuration                  4
   f - Iskenderun's Battlesphere      Conjuration/Charms           5
Comestibles
 c - a meat ration
 f - a slice of pizza
 q - 3 chunks of flesh


   Skills:
 - Level 2.4 Dodging
 - Level 2.6 Stealth
 + Level 3.1 Spellcasting
 + Level 4.6 Conjurations


You had 5 spell levels left.
You knew the following spells:

 Your Spells              Type           Power        Failure   Level  Hunger
a - Magic Dart            Conj           ###.         2%          1    None
b - Searing Ray           Conj           ###...       4%          2    ##.....


Dungeon Overview and Level Annotations

Branches:
Dungeon (4/15)
 Temple: D:4-7

Altars:


Innate Abilities, Weirdness & Mutations

You are small and have problems with some larger weapons.
You are carnivorous and can eat meat at any time.


Message History

Confirm with . or Enter, or press ? or * to list all spells.
Aiming: Magic Dart
Press: ? - help, Shift-Dir - straight line, f - orc wizard
Aim: an orc wizard, wielding a dagger and wearing a robe (hasn't noticed you)
The magic dart hits the orc wizard.
The orc wizard is lightly wounded.
The orc wizard shouts!
Casting: Magic Dart
Confirm with . or Enter, or press ? or * to list all spells.
Aiming: Searing Ray
Press: ? - help, Shift-Dir - straight line, f/p - orc wizard
Aim: an orc wizard, wielding a dagger and wearing a robe (lightly wounded)
The searing ray misses the orc wizard.
An orc comes into view. It is wielding a mace.
The searing ray hits the orc wizard.
The orc wizard is heavily wounded.
The orc wizard casts a spell at you. The puff of frost hits you!
Ouch! That really hurt!
You die...

#.................#
#....#............#.
#....+.............Z
#....#.............#
#..............%...#
#......###..........
#......#?...........
#.....##.o..........
#..@..##............
#.........(.<...##..
#.......####..... .
#.....o......$.$.$
#..................
#..........
#.......h..
#........o.


You could see a hound (wandering), an orc wizard and an orc (wandering).

Vanquished Creatures
  An adder (D:2)
  A dart slug (D:1)
  6 orcs
  A giant cockroach (D:2)
  2 hobgoblins
  A quokka (D:3)
  A frilled lizard (D:3)
  3 goblins
  4 kobolds
  2 rats (D:1)
22 creatures vanquished.

Notes
Turn   | Place    | Note
-------+----------+-------------------------------------------
     0 | D:1      | PurpleRed the Kobold Conjurer began the quest for the Orb.
     0 | D:1      | Reached XP level 1. HP: 10/10 MP: 3/3
   147 | D:1      | Reached XP level 2. HP: 5/15 MP: 3/5
   202 | D:2      | Learned a level 2 spell: Searing Ray
   326 | D:3      | Reached XP level 3. HP: 15/19 MP: 5/7
   500 | D:3      | Found a faded altar of an unknown god.
   595 | D:4      | Killed from afar by an orc wizard

Vault maps used:
D:1:      dpeg_arrival_leaves_temple_mockup
D:3:      okawaru_altar_gauntlet_db, zin_academy, ecumenical_altar_1,
          uniq_natasha
D:4:      grunt_gozag_breadcrumbs, lemuel_crystal_altar, first_bread,
          dk_rats_in_the_wall, uniq_menkaure

Skill      XL: |  1  2  3 |
---------------+----------+-----
Spellcasting   | 3 |  3.1
Dodging        | |  2.4
Stealth        | |  2.6
Conjurations   | |  4.6

Action                   || total
-------------------------++-------
Melee: Club              ||    10
       Dagger            ||    12
 Cast: Magic Dart        ||    26
       Searing Ray       ||     4
 Stab: Sleeping          ||     1
  Eat: Chunk             ||     7
Armor: Robe              ||     1
Dodge: Dodged            ||    17
